 Dungeon Crawl Stone Soup version 0.31-a0-675-g238779eb0a (webtiles) character file.

Game seed: 14299234978364143538

330 qw the Shooter (level 6, -1/38 HPs)
             Began as a Gargoyle Hunter on Sept 5, 2023.
             Slain by an ogre
             ... wielding a +0 giant spiked club
              (16 damage)
             ... on level 5 of the Dungeon.
             The game lasted 00:01:12 (3331 turns).

qw the Shooter (Gargoyle Hunter)                    Turns: 3331, Time: 00:01:12

Health: -1/38      AC:  9    Str: 21    XL:     6   Next: 51%
Magic:  6/6        EV: 12    Int:  9    God:
Gold:   222        SH:  0    Dex: 15    Spells: 5/5 levels left

rFire   . . .        Y - +0 shortbow
rCold   . . .        (shield currently unavailable)
rNeg    + . .        a - +2 leather armour {Will+}
rPois   inf          (no helmet)
rElec   +            (no cloak)
rCorr   .            (no gloves)
SInv    .            (no boots)
Will    +....        (no amulet)
Stlth   ++           e - +6 ring of strength
HPRegen 0.26/turn    (no ring)
MPRegen 0.10/turn

%: no passive effects
@: no status effects
A: sickness immunity, AC +4, negative energy resistance 1, electricity
resistance, torment resistance 1, petrification resistance
a: no special abilities


You were on level 5 of the Dungeon.
You visited 1 branch of the dungeon, and saw 5 of its levels.

You collected 222 gold pieces.


Innate Abilities, Weirdness & Mutations

You are immune to sickness and miasma.
Your stone body is resilient. (AC +4)
You are immune to poison.
You resist negative energy. (rN+)
You are resistant to electric shocks. (rElec)
You are resistant to unholy torment.
You are immune to petrification.


   Skills:
 - Level 4.1 Fighting
 + Level 6.7 Ranged Weapons
 - Level 1.0 Armour
 - Level 1.5 Dodging
 - Level 1.1 Stealth


You had 5 spell levels left.
You didn't know any spells.
Your spell library was empty.

Inventory:

Hand Weapons
 Y - a +0 shortbow (weapon)
Armour
 a - a +2 leather armour of willpower (worn)
Jewellery
 d - an amulet of faith
 e - a +6 ring of strength (left hand)
Scrolls
 f - a scroll of identify
Potions
 b - a potion of mutation {unknown}
 c - a potion of haste
 g - 3 potions of curing
 j - a potion of berserk rage {unknown}
 k - a potion of cancellation {unknown}
 l - a potion of heal wounds {unknown}

Dungeon Overview and Level Annotations

Branches:
Dungeon (5/15)
 Temple: D:4-7

Altars:
Nemelex Xobeh
The Shining One

Shops:
D:1 :

Annotations:
D:2 1 runed translucent door, Crazy Yiuf


Message History

a +0 flail; a boomerang
Things that are here:
a +0 club; a +0 scale mail
Found an escape hatch in the floor.
There is an escape hatch in the floor here.
Found a mace.
An orc comes into view. It is wielding a +0 falchion.
You shoot an arrow. The arrow hits the orc!
You kill the orc!
Found a stone staircase leading down.
You see here a +0 scale mail.
Found a potion of invisibility.
Enter note: An ogre comes into view. It is wielding a +0 giant spiked club.
You shoot an arrow. The arrow hits the ogre!
The ogre shouts!
The ogre is moderately wounded.
You shoot an arrow. The arrow hits the ogre.
The ogre is heavily wounded.
You shoot an arrow. The arrow hits the ogre.
The ogre is heavily wounded.
You shoot an arrow. The arrow hits the ogre.
The ogre is heavily wounded.
You shoot an arrow. The arrow barely misses the ogre.
You shoot an arrow. The arrow completely misses the ogre.
You shoot an arrow.
The arrow hits the ogre but does no damage.
The ogre is heavily wounded.
The ogre closely misses you.
You shoot an arrow. The arrow hits the ogre.
The ogre is heavily wounded.
The ogre hits you with a +0 giant spiked club!!
Ouch! That really hurt!
You shoot an arrow. The arrow barely misses the ogre.
You shoot an arrow. The arrow hits the ogre!
The ogre is almost dead.
The ogre hits you with a +0 giant spiked club.
You shoot an arrow. The arrow barely misses the ogre.
The ogre hits you with a +0 giant spiked club!
You die...

#.#........ ########
######.#..#..... ......
.......#..#..... ######...
..........#.....
........#############.#.....
......................#.....
#######.###############.....
#.####....... #.....
#....@O...... #.....
######.###### ... ... ...
#### ... ... ... .). ... ...


You could see an ogre.

Vanquished Creatures
  A kobold brigand (D:4)
  A scorpion (D:4)
  2 orc wizards (D:5)
  4 adders
  3 gnolls (D:4)
  2 worms (D:2)
  A dart slug (D:1)
  5 orcs (D:5)
  10 ball pythons
  9 endoplasms
  2 giant cockroaches
  7 goblins
  7 hobgoblins
  6 jackals
  A kobold (D:2)
  3 quokkas
  6 bats
  3 frilled lizards
  5 rats
78 creatures vanquished.

Notes
Turn   | Place    | Note
-------+----------+-------------------------------------------
     0 | D:1      | qw the Gargoyle Hunter began the quest for the Orb.
     0 | D:1      | Reached XP level 1. HP: 12/12 MP: 1/1
     0 | D:1      | 0 ||| qw: Version: 0.3-a-75-g829b12e
     0 | D:1      | 0 ||| qw: Game counter: 117
     0 | D:1      | 0 ||| qw: Melee chars always use a shield: true
     0 | D:1      | 0 ||| qw: God list: Okawaru
     0 | D:1      | 0 ||| qw: Allow faded altars: false
     0 | D:1      | 0 ||| qw: Do Orc after clearing Dungeon:15 true
     0 | D:1      | 0 ||| qw: Do second Lair branch before Depths: true
     0 | D:1      | 0 ||| qw: Lair rune preference: random
     0 | D:1      | 0 ||| qw: Goals: Normal
     0 | D:1      | 0 ||| PLANNING D:1-11
   187 | D:1      | Found Jovvek's Book Shop.
   207 | D:1      | Reached XP level 2. HP: 17/17 MP: 2/2
   946 | D:1      | Reached XP level 3. HP: 20/21 MP: 3/3
   959 | D:1      | Reached skill level 5 in Ranged Weapons
   962 | D:1      | 962 ||| UPGRADING to +0 ring mail.
   972 | D:1      | 972 ||| DROPPING +0 leather armour.
   973 | D:1      | 973 ||| READING scroll labelled QAMUPH LASHO.
   974 | D:1      | 974 ||| READING 3 scrolls labelled JEDAUFFESE.
   975 | D:1      | 975 ||| READING scroll labelled QUMNAT CUF OLU.
   976 | D:1      | 976 ||| DRINKING 2 green potions.
   977 | D:1      | 977 ||| READING 2 scrolls of identify.
   977 | D:1      | 977 ||| IDENTIFYING black potion
   978 | D:1      | 978 ||| DROPPING scroll of butterflies.
   979 | D:1      | 979 ||| DROPPING potion of invisibility.
  1130 | D:2      | Reached skill level 1 in Armour
  1249 | D:2      | Found a sparkling altar of Nemelex Xobeh.
  1407 | D:2      | Found a runed translucent door.
  1408 | D:2      | Noticed Crazy Yiuf
  1729 | D:2      | Reached XP level 4. HP: 27/27 MP: 4/4
  1756 | D:2      | Reached skill level 3 in Fighting
  1868 | D:2      | 1868 ||| UPGRADING to +2 leather armour of willpower.
  1878 | D:2      | 1878 ||| DROPPING +0 ring mail.
  1879 | D:2      | 1879 ||| DROPPING ring of magical power.
  2380 | D:3      | Found a glowing golden altar of the Shining One.
  2457 | D:3      | 2457 ||| READING 2 scrolls labelled LIMNUFANAU.
  2458 | D:3      | 2458 ||| DRINKING 2 blue potions.
  2459 | D:3      | 2459 ||| DRINKING 2 fuming pink potions.
  2460 | D:3      | 2460 ||| DROPPING potion of attraction.
  2461 | D:3      | 2461 ||| DROPPING scroll of vulnerability.
  2483 | D:4      | Noticed a scorpion
  2490 | D:4      | Killed a scorpion
  2491 | D:4      | Reached skill level 6 in Ranged Weapons
  2491 | D:4      | Reached XP level 5. HP: 26/32 MP: 5/5
  2491 | D:4      | 2491 ||| STAIRDANCE
  2601 | D:4      | Noticed a kobold brigand
  2619 | D:4      | Killed a kobold brigand
  2715 | D:4      | Reached XP level 6. HP: 37/38 MP: 6/6
  3015 | D:4      | 3015 ||| UPGRADING to +6 ring of strength.
  3016 | D:4      | 3016 ||| READING scroll labelled XAWEFE ERHIO.
  3021 | D:4      | 3021 ||| READING scroll labelled JOTEOZX DESU.
  3022 | D:4      | 3022 ||| READING scroll labelled ECAEQAKORU.
  3041 | D:5      | Entered Level 5 of the Dungeon
  3331 | D:5      | Slain by an ogre

Levels and vault maps discovered:
D:1:      lemuel_arrival_room, layout_basic, serial_shops, shop,
          minmay_pentomino_w4
D:2:      layout_loops_ring, basic_altar, corner_web_ring,
          dreamdust_princess_bridge, uniq_crazy_yiuf_cottage
D:3:      layout_basic, tso_altar
D:4:      layout_cave_pools, serial_glass, glass_columns_b, glass_columns_c
D:5:      layout_basic, temple_doors_cd, minmay_statues_item

Skill      XL: |  1  2  3  4  5 |
---------------+----------------+-----
Ranged Weapons | 5 6 |  6.7
Armour         | 1 |  1.0
Fighting       | 3 4 |  4.1
Dodging        | |  1.5
Stealth        | |  1.1

Action                     |  1- 3 |  4- 6 || total
---------------------------+-------+-------++-------
   Fire: Shortbow          |   136 |   150 ||   286
    Use: Scroll            |     4 |     4 ||     8
         Potion            |     1 |     2 ||     3
 Armour: Leather armour    |    27 |    50 ||    77
         Ring mail         |     8 |       ||     8
  Dodge: Dodged            |    38 |    39 ||    77

Table legend:
 A = Non-vault XP
 B = Vault XP
 C = Vault XP percentage of total XP
 D = Non-vault monster count
 E = Vault monster count
 F = Vault count percentage of total count
                 A         B        C        D         E       F
            +---------+---------+-------+---------+---------+-------
      Total |     462 |      10 |   2.1 |      72 |       6 |   7.7
            +---------+---------+-------+---------+---------+-------
        D:1 |      29 |      10 |  25.6 |      16 |       6 |  27.3
        D:2 |      45 |       0 |   0.0 |      21 |       0 |   0.0
        D:3 |      47 |       0 |   0.0 |      15 |       0 |   0.0
        D:4 |     245 |       0 |   0.0 |      12 |       0 |   0.0
        D:5 |      96 |       0 |   0.0 |       8 |       0 |   0.0
            +---------+---------+-------+---------+---------+-------
